Map: Simulacre EC

Players

Fesijo - Winner!

  • Race: Terran Terran
  • League: Diamond
  • Spawn Location: 5:00

ArKHYUS

  • Race: Protoss Protoss
  • League: Diamond
  • Spawn Location: 11:00

VOD

Have the link to the VOD?

Description

Time

  • Played on: May 4, 2020, 4:37 p.m.
  • Length: 10:42
Show
View Real Time Build Order
Export as new Build Order

Fesijo Terran - Winner!

Build Orders: Reaper Expand 

Get SALT Encoding   

  12  0:01  SCV  
  13  0:13  SCV  
  14  0:17  Supply Depot  
  14  0:26  SCV  
  15  0:41  Barracks, SCV  
  16  0:46  Refinery  
  16  0:53  SCV  
  17  1:05  SCV  
  18  1:17  SCV  
  19  1:31  Orbital Command  
  19  1:34  Reaper  
  20  1:41  Command Center  
  20  1:57  SCV  
  20  1:58  Supply Depot  
  21  2:06  Marine  
  22  2:09  SCV  
  23  2:21  SCV  
  24  2:25  Factory  
  24  2:27  Bunker  
  24  2:33  SCV  
  25  2:45  SCV  
  26  2:52  Barracks Reactor  
  26  2:56  SCV  
  26  2:57  SCV  
  28  3:04  Command Center  
  28  3:09  SCV  
  28  3:16  Orbital Command  
  28  3:21  SCV  
  28  3:24  Factory Tech Lab  
  29  3:33  SCV  
  30  3:39  Marine x2  
  32  3:46  Siege Tank, SCV  
  36  3:50  Barracks  
  36  3:52  SCV  
  36  3:54  Barracks  
  37  3:56  Refinery  
  37  3:58  Refinery, SCV  
  37  3:59  Refinery  
  38  4:04  SCV  
  38  4:07  Starport  
  39  4:10  SCV  
  39  4:16  Marine x2  
  42  4:18  Orbital Command  
  42  4:21  SCV  
  43  4:31  SCV  
  43  4:33  Siege Tank  
  47  4:41  SCV  
  47  4:43  SCV  
  47  4:45  Barracks Tech Lab x2  
  49  4:48  SCV  
  50  4:53  Marine x2, SCV  
  50  4:55  SCV  
  50  4:57  Starport Tech Lab  
  54  5:00  SCV  
  54  5:02  Engineering Bay  
  54  5:05  SCV  
  56  5:08  SCV  
  56  5:11  Marine  
  56  5:12  SCV  
  59  5:14  Supply Depot  
  59  5:17  SCV  
  59  5:19  Supply Depot  
  59  5:20  Supply Depot  
  60  5:22  Supply Depot  
  60  5:24  Marine  
  60  5:26  Stimpack  
  61  5:31  Combat Shield  
  61  5:33  Terran Infantry Weapons Level 1  
  61  5:36  Marine, Marauder x2, SCV x2  
  61  5:42  Marine  
  69  5:44  SCV  
  69  5:48  SCV  
  69  5:49  Siege Tank  
  74  5:53  Marine  
  77  6:04  Missile Turret  
  75  6:05  SCV  
  75  6:06  Missile Turret  
  75  6:07  SCV  
  77  6:16  Marauder x2  
  83  6:26  Siege Tank, Marauder  
  83  6:27  SCV, Barracks  
  83  6:30  Medivac  
  83  6:31  Orbital Command  
  83  6:32  Medivac  
  91  6:33  Barracks  
  91  6:34  Barracks  
  91  6:37  Marine  
  92  6:41  SCV  
  93  7:20  Barracks Tech Lab  
  93  7:21  Barracks Reactor  
  93  7:22  Barracks Reactor  
  93  7:31  Terran Infantry Armor Level 1  
  93  7:32  Armory  
  93  7:37  Command Center  
  93  7:40  Siege Tank  
  93  7:41  SCV x2  
  93  7:42  Marine  
  93  7:43  Medivac  
  92  7:45  Medivac, Marauder x2  
  85  7:56  Marauder  
  83  8:01  Marauder  
  83  8:06  Marine, Marauder  
  89  8:12  Siege Tank  
  89  8:13  Marine x4  
  93  8:39  Marine x5, Supply Depot x3, SCV  
  93  8:40  SCV x2, Medivac x2, Marauder x2  
  109  8:42  Marauder  
  109  8:44  Siege Tank  
  114  8:51  SCV, Planetary Fortress  
  114  8:52  SCV  
  114  8:54  SCV  
  117  8:57  Marine x5  
  117  9:01  Marauder x2  
  126  9:03  Marine  
  126  9:04  SCV  
  128  9:10  Medivac  
  128  9:12  SCV x2  
  128  9:15  Marine, Marauder  
  128  9:16  SCV  
  136  9:21  Marauder  
  136  9:22  Marine, Marauder  
  136  9:23  Marauder  
  143  9:37  Marauder  
  144  9:41  Marine  
  144  9:43  Marauder  
  144  9:44  Marauder x2  
  126  9:56  Marine  
  126  9:58  Marauder  
  125  10:01  Marine x3  
  125  10:02  Siege Tank, SCV  
  125  10:04  Marauder, SCV x3  
  125  10:05  Marauder  
  125  10:06  Marauder  
  141  10:10  Command Center  
  141  10:11  Command Center  
  140  10:14  Marine  
  140  10:15  SCV  
  140  10:16  SCV x2  
  140  10:18  Marine  
  140  10:19  Marine, Marauder  
Show
View Real Time Build Order
Export as new Build Order

ArKHYUS Protoss 

Build Orders: 1 Gate Expand, Colossus Rush 

Get SALT Encoding   

  12  0:01  Probe  
  13  0:13  Probe  
  14  0:23  Pylon  
  14  0:25  Probe  
  15  0:41  Probe (Chrono Boost)  
  16  0:44  Gateway  
  16  0:53  Probe (Chrono Boost), Assimilator  
  17  0:58  Probe (Chrono Boost)  
  18  1:08  Probe  
  19  1:20  Probe  
  20  1:30  Nexus  
  20  1:38  Cybernetics Core  
  20  1:41  Probe  
  21  1:50  Assimilator  
  21  2:00  Probe  
  22  2:03  Pylon  
  22  2:12  Probe  
  23  2:18  Stalker (Chrono Boost)  
  23  2:22  Warp Gate  
  25  2:24  Probe  
  25  2:36  Probe  
  25  2:55  Stalker  
  28  2:58  Probe x2  
  29  3:07  Robotics Facility  
  29  3:10  Probe (Chrono Boost)  
  30  3:17  Probe (Chrono Boost)  
  31  3:22  Probe (Chrono Boost)  
  31  3:24  Gateway  
  31  3:25  Gateway  
  31  3:27  Probe (Chrono Boost)  
  33  3:28  Probe (Chrono Boost)  
  33  3:31  Probe (Chrono Boost)  
  33  3:33  Pylon  
  35  3:40  Stalker  
  37  3:43  Probe (Chrono Boost)  
  37  3:44  Probe (Chrono Boost)  
  39  3:53  Probe x2 (Chrono Boost)  
  39  3:55  Observer  
  42  3:58  Probe x2 (Chrono Boost)  
  42  4:01  Robotics Bay  
  44  4:07  Assimilator  
  44  4:09  Probe x2  
  46  4:21  Probe x2  
  46  4:22  Pylon  
  48  4:24  Stalker  
  48  4:25  Stalker, Pylon  
  48  4:30  Observer  
  53  4:33  Probe  
  54  4:40  Probe  
  54  4:45  Zealot, Probe  
  57  4:51  Pylon  
  57  4:52  Probe  
  59  4:54  Colossus (Chrono Boost), Pylon  
  65  5:01  Probe  
  65  5:04  Probe  
  67  5:13  Twilight Council  
  67  5:17  Extended Thermal Lance  
  67  5:21  Pylon  
  67  5:22  Assimilator  
  67  5:23  Pylon  
  67  5:30  Gateway  
  67  5:31  Gateway  
  67  5:33  Gateway  
  67  5:36  Probe  
  67  5:39  Sentry  
  70  5:44  Charge (Chrono Boost)  
  70  5:58  Gateway, Colossus (Chrono Boost)  
  70  6:00  Zealot x2  
  80  6:12  Pylon  
  80  6:13  Sentry  
  80  6:15  Pylon  
  80  6:17  Pylon  
  82  6:31  Nexus  
  82  6:33  Zealot  
  82  6:34  Pylon, Sentry  
  86  6:41  Observer  
  86  6:43  Forge  
  86  6:48  Pylon  
  86  6:54  Probe x2  
  86  6:59  Colossus  
  94  7:01  Pylon  
  94  7:07  Zealot x2  
  98  7:10  Pylon  
  98  7:15  Zealot x3  
  102  7:20  Protoss Ground Weapons Level 1 (Chrono Boost)  
  104  7:24  Zealot  
  104  7:25  Zealot  
  96  7:45  Zealot x4  
  96  7:46  Zealot x3  
  96  7:50  Probe x2  
  100  7:52  Probe  
  89  8:02  Colossus (Chrono Boost)  
  89  8:03  Probe (Chrono Boost)  
  90  8:10  Probe (Chrono Boost)  
  91  8:15  Probe (Chrono Boost)  
  91  8:16  Probe (Chrono Boost)  
  91  8:18  Assimilator  
  92  8:20  Assimilator  
  92  8:25  Templar Archives, Pylon  
  92  8:34  Pylon  
  92  8:35  Gateway, Probe x3  
  95  8:47  Probe (Chrono Boost)  
  98  8:51  Probe x2 (Chrono Boost)  
  98  8:59  Gateway, Probe (Chrono Boost)  
  98  9:00  Gateway x2  
  98  9:02  Zealot x2, Probe x2 (Chrono Boost)  
  105  9:07  High Templar x2  
  105  9:08  High Templar x3  
  115  9:12  Archon x2  
  115  9:25  Zealot x2  
  119  9:32  Zealot  
  110  9:43  Zealot x5  
  110  9:44  Zealot  
  98  9:50  Zealot  
  81  9:56  Probe x3  
  72  10:00  Zealot x4  
  73  10:08  Probe x2  
  69  10:16  Zealot x5  
  69  10:17  Zealot x2  
  83  10:23  Zealot  
  82  10:34  Zealot x3  
  75  10:40  Zealot  
Tags
 
Add a new tag
Caveats
  • Supply blocks, unpowered buildings, or Contaminate may cause inaccurate times.
  • Supply counts are checked every 10 seconds.